 Dungeon Crawl Stone Soup version 0.27.1-3-gb3d3a73c9e (webtiles) character file.

Game seed: 1781224855115385570

9 MouseKun the Grave Robber (level 2, -5/19 HPs)
             Began as a Mummy Necromancer on Oct 14, 2021.
             Was a Follower of Wu Jian.
             Slain by a worm (8 damage)
             ... on level 2 of the Dungeon.
             The game lasted 00:06:00 (774 turns).

MouseKun the Grave Robber (Mummy Necromancer)        Turns: 774, Time: 00:06:01

Health: -5/19      AC:  2    Str: 11    XL:     2   Next: 6%
Magic:  1/6        EV: 12    Int: 14    God:    Wu Jian [*.....]
Gold:   35         SH:  0    Dex: 12    Spells: 5/7 levels left

rFire    x x .     SeeInvis .   (no weapon)
rCold    + + .     Faith    .   (no shield)
rNeg     + + +     Spirit   .   a - +0 robe
rPois    ∞         Reflect  .   (no helmet)
rElec    .         Harm     .   (no cloak)
rCorr    .         Rampage  .   (no gloves)
Will     .....                  (no boots)
Stlth    ++........             (no amulet)
HPRegen  0.06/turn              b - ring of ice
MPRegen  0.10/turn              (no ring)

@: no status effects
A: cold resistance 1, negative energy resistance 3, torment resistance 2, heat
vulnerability 1, no potions
a: Renounce Religion


You were on level 2 of the Dungeon.
You worshipped Wu Jian.
Wu Jian was aware of your devotion.
You visited 1 branch of the dungeon, and saw 2 of its levels.

You collected 35 gold pieces.

Inventory:

Armour
 a - a +0 robe (worn)
Jewellery
 b - a ring of ice (left hand)


   Skills:
 + Level 1.6 Dodging
 + Level 1.6 Stealth
 + Level 3.0 Spellcasting
 + Level 4.3 Necromancy


You had 5 spell levels left.
You knew the following spells:

 Your Spells              Type           Power      Damage    Failure   Level
a - Pain                  Necr           56%        1d6       3%          1
b - Animate Skeleton      Necr           28%        N/A       3%          1

Your spell library contained the following spells:

 Spells                   Type           Power      Damage    Failure   Level
 Vampiric Draining        Necr           7%         2d7       11%         3
 Animate Dead             Necr           7%         N/A       36%         4
 Agony                    Necr           14%        N/A       71%         5


Dungeon Overview and Level Annotations

Branches:
Dungeon (2/15)

Altars:
Wu Jian


Innate Abilities, Weirdness & Mutations

You are immune to poison.
Your flesh is cold resistant. (rC+)
You are immune to negative energy. (rN+++)
You are immune to unholy pain and torment.
You are vulnerable to heat. (rF-)
You do not drink.


Message History

Press: ? - help, Shift-Dir - straight line, f/p - worm
Aim: a worm (lightly wounded, chance to affect: 79%)
The worm barely resists.
The worm bites you!
Ouch! That really hurt!
Casting: Pain (safe; 3% risk of failure)
Confirm with . or Enter, or press ? or * to list all spells.
Aiming: Pain (safe; 3% risk of failure)
Press: ? - help, Shift-Dir - straight line, f/p - worm
Aim: a worm (chance to affect: 79%)
The worm writhes in agony.
Casting: Pain (safe; 3% risk of failure)
Confirm with . or Enter, or press ? or * to list all spells.
Aiming: Pain (safe; 3% risk of failure)
Press: ? - help, Shift-Dir - straight line, f/p - worm
Aim: a worm (moderately wounded, chance to affect: 79%)
The worm writhes in agony.
The worm closely misses you.
Casting: Pain (safe; 3% risk of failure)
Confirm with . or Enter, or press ? or * to list all spells.
Aiming: Pain (safe; 3% risk of failure)
Press: ? - help, Shift-Dir - straight line, f/p - worm
Aim: a worm (heavily wounded, chance to affect: 79%)
The worm writhes in agony.
You barely miss the worm.
The worm is severely wounded.
The worm bites you.
You hit the worm.
The worm is severely wounded.
You spin and attack the worm.
You hit the worm.
The worm is severely wounded.
The worm bites you.
* * * LOW HITPOINT WARNING * * *
You spin and attack the worm.
You hit the worm but do no damage.
The worm is severely wounded.
You hit the worm.
The worm is almost dead.
The worm barely misses you.
You hit the worm.
The worm is almost dead.
The worm bites you!
You die...

# #####.# #....
##### #..#
#...####..####...
#.......w@.......
#...####?.####...
####.#####.....
#..<.....##..$...
#.#......######...
# #......# .#
#......# #
#......# #......#


You could see a worm.

Vanquished Creatures
  2 endoplasms (D:1)
  A goblin (D:1)
  2 quokkas (D:1)
  A ball python (D:1)
  A bat (D:1)
  A kobold (D:1)
8 creatures vanquished.

Vanquished Creatures (collateral kills)
  A quokka (D:1)
1 creature vanquished.

Grand Total: 9 creatures vanquished

Notes
Turn   | Place    | Note
-------+----------+-------------------------------------------
     0 | D:1      | MouseKun the Mummy Necromancer began the quest for the Orb.
     0 | D:1      | Reached XP level 1. HP: 13/13 MP: 4/4
     2 | D:1      | Learned a level 1 spell: Animate Skeleton
   368 | D:1      | Found a faded altar of an unknown god.
   380 | D:1      | Became a worshipper of the Wu Jian Council
   380 | D:1      | Reached * piety under Wu Jian
   539 | D:1      | Reached XP level 2. HP: 19/19 MP: 3/6
   774 | D:2      | Slain by a worm

Illustrated notes

Levels and vault maps discovered:
D:1:      tarquinn_simple_flora_water_c, layout_rooms,
          dreamdust_ecumenical_altar_statues, minivault_26
D:2:      layout_loops_corners

Skill      XL: |  1 |
---------------+----+-----
Spellcasting   | 3 |  3.0
Dodging        | |  1.6
Stealth        | |  1.6
Necromancy     | |  4.3

Action                   || total
-------------------------++-------
Melee: Unarmed           ||    11
 Cast: Pain              ||    20
       Animate Skeleton  ||     5
Invok: Whirlwind         ||     5
Dodge: Dodged            ||    10
